 Dungeon Sprint DCSS version 0.30.0-13-g156ef70053 (webtiles) character file.

Game seed: 10475639419418569892

94 retardedninja the Trooper (level 4, -13/45 HPs)
             Began as a Minotaur Fighter on May 17, 2023.
             Mangled by an ogre
             ... wielding a +0 giant spiked club
              (25 damage)
             ... in the Dungeon (Sprint IX: "|||||||||||||||||||||||||||||").
             The game lasted 00:00:23 (239 turns).

retardedninja the Trooper (Minotaur Fighter)         Turns: 239, Time: 00:00:23

Health: -13/45     AC:  7    Str: 22    XL:     4   Next: 38%
Magic:  3/3        EV: 10    Int:  5    God:
Gold:   0          SH:  5    Dex: 10    Spells: 3/3 levels left

rFire   . . .        a - +0 war axe
rCold   . . .        c - +0 buckler
rNeg    . . .        b - +0 scale mail
rPois   .            (helmet restricted)
rElec   .            (no cloak)
rCorr   .            (no gloves)
SInv    .            (no boots)
Will    .....        (no amulet) Stlth
                     (no ring)
HPRegen 0.27/turn    (no ring)
MPRegen 0.08/turn

%: no teleportation
@: hasted, very quick
A: horns 2, retaliatory headbutt
a: no special abilities


You were in the Dungeon.
You visited 1 branch

Inventory:

Hand Weapons
 a - a +0 war axe (weapon)
Armour
 b - a +0 scale mail (worn)
 c - a +0 buckler (worn)
Scrolls
 j - a scroll of blinking
Potions
 d - a potion of might
 e - a potion of curing
 f - a potion of heal wounds
 h - 2 potions of magic
 i - a potion of berserk rage


   Skills:
 + Level 6.8 Fighting
 + Level 4.3 Axes
 + Level 6.6 Armour
 + Level 1.1 Dodging
 + Level 6.4 Shields


You had 3 spell levels left.
You didn't know any spells.
Your spell library was empty.

Dungeon Overview and Level Annotations

Branches:
Dungeon (1/1)

Altars:


Innate Abilities, Weirdness & Mutations

You have a pair of horns on your head.
You reflexively headbutt those who attack you in melee.


Message History

You hit the scorpion. Your headbutt misses the scorpion.
The scorpion is lightly wounded.
The scorpion barely misses you. You furiously retaliate!
You headbutt the scorpion, but do no damage.
You hit the scorpion. You headbutt the scorpion.
The scorpion is heavily wounded.
The scorpion closely misses you. You furiously retaliate!
You headbutt the scorpion. You barely miss the scorpion.
The scorpion is almost dead.
You block the scorpion's attack.
You barely miss the scorpion.
You headbutt the scorpion, but do no damage.
The scorpion is almost dead.
You block the scorpion's attack.
You hit the scorpion.
You kill the scorpion!
Your Fighting skill increases to level 6!
Your Axes skill increases to level 4!
Your Armour skill increases to level 6!
Your Dodging skill increases to level 1!
Your Shields skill increases to level 6!
You have reached level 4!
You feel agile.
Unknown command.
You barely miss the orc. The orc hits you but does no damage.
You barely miss the orc. You headbutt the orc!
You kill the orc!
The ogre hits you with a +0 giant spiked club!!
Items here: ) [ ††.
You slash the ogre!
The ogre is heavily wounded.
The ogre hits you with a +0 giant spiked club!
* * * LOW HITPOINT WARNING * * *
You barely miss the ogre. Your headbutt misses the ogre.
The ogre is heavily wounded.
You hit the ogre but do no damage.
The ogre is heavily wounded.
The ogre hits you with a +0 giant spiked club!!
Ouch! That really hurt!
You die... ▓▓▓▓▓▓▓▓▓▓▓▓▓▓▓▓▓▓ ▓<...÷....)'@O...+ ▓▓▓▓▓▓▓▓▓▓▓▓▓▓▓▓▓▓

You could see an ogre.

Vanquished Creatures
  A scorpion (D)
  A hound (D)
  An orc (D)
  A ball python (D)
  A goblin (D)
  A hobgoblin (D)
  A quokka (D)
  A frilled lizard (D)
  A rat (D)
9 creatures vanquished.

Notes
Turn   | Place    | Note
-------+----------+-------------------------------------------
     0 | D        | retardedninja the Minotaur Fighter began the quest for the
                  | Orb.
     0 | D        | Reached XP level 1. HP: 19/19 MP: 0/0
   223 | D        | Noticed a hound
   223 | D        | Noticed a scorpion
   223 | D        | Noticed an ogre
   225 | D        | Killed a hound
   226 | D        | Reached skill level 5 in Fighting
   226 | D        | Reached skill level 5 in Armour
   226 | D        | Reached skill level 5 in Shields
   226 | D        | Reached XP level 2. HP: 30/30 MP: 1/1
   226 | D        | Reached XP level 3. HP: 37/37 MP: 2/2
   233 | D        | Killed a scorpion
   234 | D        | Reached skill level 1 in Dodging
   234 | D        | Reached XP level 4. HP: 45/45 MP: 3/3
   239 | D        | Mangled by an ogre

Illustrated notes

Levels and vault maps discovered:
D:        linesprint [early_d, line_temple, items_1, d_10, items_2, lair_1,
          lair_end, items_3, orc_1, orc_end, items_4, d_15, swamp_1, shoals_1,
          snake_1, spider_1, d_20, vaults_1, items_5, swamp_end, shoals_end,
          snake_end, spider_end, vaults_end, d_27, items_6, zot_1, zot_end,
          crypt_end, forest_end, elf_end, slime_end, tomb_end, abyss_end,
          pan_hell_end]

Skill      XL: |  1  2  3 |
---------------+----------+-----
Fighting       | 5 6 |  6.8
Armour         | 5 6 |  6.6
Shields        | 5 6 |  6.4
Axes           | 3 4 |  4.3
Dodging        | 1 |  1.1

Action                     |  1- 3 |  4- 6 || total
---------------------------+-------+-------++-------
  Melee: War axe           |    15 |     5 ||    20
         Headbutt          |     2 |     1 ||     3
    Use: Potion            |     1 |       ||     1
 Armour: Scale mail        |     3 |     1 ||     4
  Dodge: Dodged            |    12 |       ||    12
  Block: Buckler           |     3 |       ||     3
